 Dungeon Crawl Stone Soup version 0.19-a0-678-ge7aab0b (webtiles) character file.

20941 SirMajesto the Fighter (level 12, -1/96 HPs)
             Began as a Merfolk Berserker on June 16, 2016.
             Was a High Priest of Trog.
             Slain by an orc warrior
             ... wielding a +0 battleaxe
              (2 damage)
             ... on level 1 of the Orcish Mines.
             The game lasted 01:14:24 (16669 turns).

SirMajesto the Fighter (Merfolk Berserker)         Turns: 16669, Time: 01:14:25

Health: -1/96      AC: 12    Str: 22    XL:     12   Next: 84%
Magic:  12/12      EV: 14    Int:  7    God:    Trog [*****.]
Gold:   1137       SH: 16    Dex: 13    Spells: 0 memorised, 11 levels left

rFire  + . .     SeeInvis .     H - +4 flail (venom)
rCold  . . .     Gourm    .     d - +1 ring mail {rF+}
rNeg   + . .     Faith    .     e - +3 shield
rPois  .         Spirit   .     (helmet restricted)
rElec  .         Dismiss  .     h - +2 cloak
rCorr  .         Reflect  .     (no gloves)
SustAt .         Harm     .     (no boots)
MR     +....                    B - amulet of regeneration
Stlth  +.........               a - ring of positive energy
                                v - ring of protection from magic

@: drained, somewhat resistant to hostile enchantments, very unstealthy
A: change form in water, swift swim, antennae 1, molten scales 1, frail 1,
shaggy fur 1
a: Berserk, Trog's Hand, Brothers in Arms, Burn Spellbooks, Renounce Religion


You were on level 1 of the Orcish Mines.
You worshipped Trog.
Trog was extremely pleased with you.
You were not hungry.

You visited 2 branches of the dungeon, and saw 14 of its levels.
You also visited: Bailey.

You collected 1409 gold pieces.
You spent 272 gold pieces at shops.

Inventory:

Hand Weapons
 b - a +0 long sword of holy wrath
 r - a +4 glaive
 H - a +4 flail of venom (weapon)
 I - a +7 longbow of freezing
 W - a -3 executioner's axe
 Z - a +1 trident
Missiles
 E - 24 javelins of returning (quivered)
 P - 185 arrows
Armour
 d - a +1 ring mail of fire resistance (worn)
 e - a +3 shield (worn)
 h - a +2 cloak (worn)
 s - a troll hide
 J - a +2 robe of magic resistance
Jewellery
 a - a ring of positive energy (right hand)
 l - an uncursed ring of ice
 v - a ring of protection from magic (left hand)
 B - an amulet of regeneration (around neck)
Wands
 p - a wand of confusion (18/48)
 G - a wand of iceblast (7/15)
 K - a wand of confusion (38/48)
 R - a wand of polymorph (15/24)
Scrolls
 j - a scroll of teleportation
 m - 4 scrolls of fear
 o - 5 scrolls of identify
 t - 2 scrolls of remove curse
 y - a scroll of enchant weapon
 C - 2 scrolls of blinking
 M - 2 scrolls of recharging
 N - a scroll of magic mapping
 Q - 3 scrolls of enchant armour
Potions
 i - a potion of cure mutation
 k - 3 potions of flight
 u - 4 potions of haste
 A - 4 potions of curing
 D - a potion of cancellation
 S - a potion of agility
 T - a potion of resistance
 V - a potion of berserk rage
Books
 U - a book of the Earth

   Spells                             Type                      Level
   a - Leda's Liquefaction            Hexes/Earth                  4
   b - Bolt of Magma                  Conjuration/Fire/Earth       5
   c - Statue Form                    Transmutation/Earth          6
   d - Iron Shot                      Conjuration/Earth            6
   e - Shatter                        Earth                        9
   Trog disapproves of the use of such an item.
Comestibles
 c - 8 bread rations
 f - 4 beef jerkies
 n - 8 slices of pizza
 w - 8 meat rations
 F - 5 fruits


   Skills:
 - Level 14.1(13.4) Fighting
 + Level 10.4(9.8) Polearms
 + Level 4.4(3.9) Armour
 - Level 8.2(7.6) Dodging
 - Level 12.4(11.8) Shields


You had 11 spell levels left.
You didn't know any spells.

Dungeon Overview and Level Annotations

Branches:
Dungeon (12/15)            Temple (0/1) D:6            Lair (0/6) D:9
    Orc (2/2) D:11            Elf (0/3) Orc:2

Altars:
Dithmenos
Elyvilon
Fedhas
Gozag
Hepliaklqana
Nemelex Xobeh
Pakellas
Trog
Xom
Beogh

Shops:
Orc:1 [   Orc:2 (


Innate Abilities, Weirdness & Mutations

You revert to your normal form in water.
You are very nimble and swift while swimming.
You have a pair of small antennae on your head.
You are partially covered in molten scales. (AC +1)
You are frail. (-10% HP)
You are covered in fur. (AC +1)


Message History

There is a stone staircase leading up, spattered with blood here.
You see here a bolt.
The orc warlord shoots a bolt.
You block the bolt. The orc warrior barely misses you.
You climb upwards.
There is a stone staircase leading down here.
You hit the orc warrior but do no damage.
The orc warrior is poisoned.
The orc warrior hits you with a battleaxe!
You hit the orc warrior.
The orc warrior looks even sicker.
The orc warrior is lightly wounded.
You block the orc warrior's attack.
You barely miss the orc warrior.
The orc warrior is lightly wounded.
The orc warrior hits you with a battleaxe!!!
* * * LOW HITPOINT WARNING * * *
You hit the orc warrior.
The orc warrior is moderately wounded.
The orc warrior hits you with a battleaxe.
You die...

#........#............
#........##▓▓▓#####▓▓▓
##.......'.▓)▓.....▓)▓
##.......#.▓▓▓.▓▓▓.▓▓▓
#....#...#.....▓)▓....
##.......######▓▓▓####
#.......#............
##.......#############
#...o@............#.##
#....................#
#............#...##.##
##................###
##........##.......#
#....##...#.##....##
##...........#...##
#...........###.##
##.#....#.### ###


You could see an orc warrior.

Vanquished Creatures
  A stone giant (Orc:1)
  A hydra (D:9)
  A skeletal warrior (D:10)
  A hill giant (D:10)
  An orc knight (Orc:2)
  An orc sorcerer (Orc:2)
  A manticore (D:12)
  An ugly thing (D:12)
  A cyclops (D:11)
  Maurice (D:12)
  3 komodo dragons
  3 trolls (Orc:1)
  2 two-headed ogres
  11 yaks
  A human (D:11)
  A wraith (D:10)
  2 wyverns
  A hog (D:11)
  3 hungry ghosts
  Menkaure (D:4)
  2 mottled dragons
  A hippogriff (D:5)
  Edmund (D:5)
  2 wargs (Orc:1)
  2 water moccasins
  15 orc warriors
  A slave (D:5)
  Duvessa (D:5)
  A necrophage (D:12)
  2 ice beasts (D:10)
  3 black bears
  4 sky beasts
  14 centaurs
  8 ogres
  4 crocodiles
  3 big kobolds
  7 giant frogs
  6 scorpions
  Dowan (D:5)
  15 killer bees
  4 howler monkeys
  10 wights
  4 crimson imps
  A centaur zombie (D:5)
  2 giant frog zombies
  6 orc priests
  A centaur skeleton (D:4)
  A gnoll shaman (D:6)
  8 hounds
  4 giant frog skeletons
  3 jellies
  8 orc wizards
  Crazy Yiuf (D:2)
  Terence (D:3)
  4 iguanas
  4 worker ants
  A killer bee zombie (D:8)
  A sheep (D:11)
  2 hound skeletons
  A worker ant zombie (D:8)
  7 gnolls
  19 adders
  A shadow imp (D:11)
  2 oozes
  2 adder skeletons
  2 worms (D:3)
  13 giant geckos
  56 orcs
  6 giant cockroaches
  8 hobgoblins
  8 jackals
  27 kobolds
  4 quokkas
  2 ball pythons
  15 bats
  2 giant gecko skeletons
  A giant newt (D:1)
  8 goblins
  A jackal skeleton (D:6)
  2 quokka skeletons
  39 rats
  A fungus (D:9)
424 creatures vanquished.

Vanquished Creatures (collateral kills)
  A death knight (D:10)
  Pikel (D:5)
  2 hill giants
  A freezing wraith (D:10)
  A troll (Orc:1)
  A wyvern (D:12)
  An ice beast (D:12)
  A slave (D:5)
  A phantom (D:10)
  A giant frog (D:10)
  A gnoll sergeant (D:12)
  A wyvern zombie (D:12)
  3 orc priests (Orc:1)
  An orc wizard (D:12)
  An adder (D:10)
  2 gnolls (D:12)
  An orc (Orc:1)
21 creatures vanquished.

Vanquished Creatures (others)
  7 fungi
7 creatures vanquished.

Grand Total: 452 creatures vanquished

Notes
Turn   | Place    | Note
--------------------------------------------------------------
     0 | D:1      | SirMajesto the Merfolk Berserker began the quest for the Orb.
     0 | D:1      | Reached XP level 1. HP: 18/18 MP: 1/1
   103 | D:1      | Reached XP level 2. HP: 6/24 MP: 2/2
   488 | D:1      | Reached skill level 4 in Fighting
   648 | D:1      | Reached XP level 3. HP: 30/30 MP: 3/3
   771 | D:1      | Reached ** piety under Trog
  1466 | D:2      | Noticed Crazy Yiuf
  1476 | D:2      | Killed Crazy Yiuf
  1476 | D:2      | Reached XP level 4. HP: 19/38 MP: 0/4
  1765 | D:2      | Found a shimmering altar of Xom.
  1767 | D:2      | Found a hazy altar of Hepliaklqana.
  1767 | D:2      | Noticed a giant frog
  1768 | D:2      | Noticed a spectral ugly thing
  1768 | D:2      | Noticed a giant frog
  2364 | D:2      | Reached *** piety under Trog
  2409 | D:2      | Reached skill level 5 in Fighting
  2584 | D:3      | Reached XP level 5. HP: 44/44 MP: 5/5
  2610 | D:3      | Found an oddly glowing altar of Pakellas.
  2714 | D:3      | Noticed Terence
  2748 | D:3      | Killed Terence
  2748 | D:3      | Reached skill level 5 in Dodging
  2874 | D:3      | Reached **** piety under Trog
  3368 | D:4      | Reached XP level 6. HP: 43/52 MP: 6/6
  3400 | D:4      | Reached skill level 6 in Fighting
  4216 | D:4      | Reached XP level 7. HP: 58/59 MP: 7/7
  4294 | D:4      | Found a sparkling altar of Nemelex Xobeh.
  4445 | D:5      | Entered Level 5 of the Dungeon
  4551 | D:5      | Noticed Menkaure
  4840 | D:4      | Killed Menkaure
  4840 | D:4      | Reached skill level 7 in Fighting
  4899 | D:5      | Noticed Dowan
  4900 | D:5      | Noticed Duvessa
  4938 | D:5      | Killed Dowan
  5005 | D:5      | Killed Duvessa
  5381 | D:5      | Reached XP level 8. HP: 66/67 MP: 8/8
  5562 | D:5      | Reached skill level 5 in Polearms
  5562 | D:5      | Reached skill level 1 in Shields
  6014 | D:5      | Noticed Edmund
  6021 | D:5      | Killed Edmund
  6025 | D:5      | Reached skill level 8 in Fighting
  6056 | D:5      | Noticed Pikel
  6074 | D:5      | Killed Pikel
  6542 | D:6      | Found a blossoming altar of Fedhas.
  6639 | D:6      | Reached XP level 9. HP: 52/75 MP: 9/9
  7081 | D:6      | Reached skill level 9 in Fighting
  7150 | D:6      | Found a white marble altar of Elyvilon.
  7162 | D:6      | Gained mutation: You possess an exceptional clarity of mind. [mutagenic meat]
  7163 | D:6      | Gained mutation: You are frail. (-10% HP) [mutagenic meat]
  7164 | D:6      | Gained mutation: You evolve. [mutagenic meat]
  7165 | D:6      | Gained mutation: You are covered in fur. (AC +1) [mutagenic meat]
  7591 | D:6      | Found a staircase to the Ecumenical Temple.
  7787 | D:7      | Found an opulent altar of Gozag.
  7996 | D:7      | Reached skill level 5 in Shields
  8165 | D:7      | Found a shadowy altar of Dithmenos.
  8221 | D:7      | Reached skill level 10 in Fighting
  8435 | D:8      | Noticed a two-headed ogre
  8445 | D:8      | Killed a two-headed ogre
  8445 | D:8      | Reached XP level 10. HP: 72/77 MP: 10/10
  8726 | D:8      | Reached ***** piety under Trog
  8749 | D:8      | Paralysed by fainting for 8 turns
  8842 | D:8      | Reached skill level 11 in Fighting
  8890 | D:8      | Received a gift from Trog
  9214 | D:8      | Gained mutation: Armour fits poorly on your strangely shaped body. [mutagenic meat]
  9215 | D:8      | Gained mutation: You are partially covered in molten scales. (AC +1) [mutagenic meat]
  9217 | D:8      | Gained mutation: Your magical capacity is low. (-10% MP) [mutagenic meat]
  9234 | D:8      | Upgraded the game from 0.19-a0-664-g51fd293 to 0.19-a0-678-ge7aab0b
  9295 | D:8      | Lost mutation: Armour fits poorly on your strangely shaped body. [evolution]
  9313 | D:8      | You fall through a shaft for 2 floors!
  9313 | D:10     | Entered Level 10 of the Dungeon
  9313 | D:10     | Noticed a death knight
  9313 | D:10     | Noticed a skeletal warrior
  9315 | D:10     | Noticed a hill giant
 10134 | D:9      | Reached skill level 12 in Fighting
 10475 | D:9      | Reached XP level 11. HP: 86/86 MP: 9/9
 10628 | D:9      | Gained mutation: You have a pair of small antennae on your head. [potion of beneficial mutation]
 10629 | D:9      | Noticed a six-headed hydra
 10706 | D:9      | Killed a six-headed hydra
 10766 | D:9      | Found a staircase to the Lair.
 10888 | D:9      | Found a bloodstained altar of Trog.
 11470 | D:10     | Killed a hill giant
 11470 | D:10     | Reached skill level 10 in Shields
 11480 | D:10     | Reached skill level 13 in Fighting
 11482 | D:10     | Noticed a hill giant
 11486 | D:10     | Killed a hill giant
 11782 | D:10     | Killed a skeletal warrior
 12005 | D:10     | Killed a death knight
 12438 | D:11     | Found a staircase to the Orcish Mines.
 12483 | D:11     | Received a gift from Trog
 12505 | D:11     | Found a hazy altar of Hepliaklqana.
 12554 | D:11     | Gained mutation: Armour fits poorly on your strangely shaped body. [mutagenic meat]
 12555 | D:11     | Gained mutation: Your spells are a little harder to cast, but a little more powerful. [mutagenic meat]
 12561 | D:11     | Lost mutation: Armour fits poorly on your strangely shaped body. [potion of cure mutation]
 12561 | D:11     | Lost mutation: Your spells are a little harder to cast, but a little more powerful. [potion of cure mutation]
 12561 | D:11     | Lost mutation: Your magical capacity is low. (-10% MP) [potion of cure mutation]
 12561 | D:11     | Lost mutation: You evolve. [potion of cure mutation]
 12561 | D:11     | Lost mutation: You possess an exceptional clarity of mind. [potion of cure mutation]
 12687 | D:11     | Got an opalescent robe
 12701 | D:11     | Identified the cursed +0 robe "Qaukk" {*Drain Str+2 Int+4} (You found it on level 11 of the Dungeon)
 12966 | D:11     | Noticed a cyclops
 12975 | D:11     | Killed a cyclops
 13133 | D:12     | Noticed Maurice
 13150 | D:12     | Killed Maurice
 13290 | D:12     | Noticed a hill giant
 13309 | D:12     | Killed a hill giant
 13309 | D:12     | Reached skill level 14 in Fighting
 13309 | D:12     | Reached XP level 12. HP: 18/96 MP: 12/12
 14109 | Orc:1    | Entered Level 1 of the Orcish Mines
 14113 | Orc:1    | Noticed a stone giant
 14148 | Orc:1    | Found a flagged portal.
 14195 | Orc:1    | Killed a stone giant
 14249 | Orc:1    | You fall through a shaft!
 14249 | Orc:2    | Entered Level 2 of the Orcish Mines
 14323 | Bailey   | Entered a bailey
 15621 | Orc:2    | Found a staircase to the Elven Halls.
 15703 | Orc:1    | Found Dikkossu's Armour Shoppe.
 15968 | Orc:1    | Bought a +1 ring mail of fire resistance for 272 gold pieces
 16169 | Orc:2    | Reached skill level 10 in Polearms
 16174 | Orc:2    | Noticed a soul eater
 16410 | Orc:2    | Found Den Poff's Antique Weapon Boutique.
 16563 | Orc:2    | Found a roughly hewn altar of Beogh.
 16585 | Orc:2    | Noticed an orc warlord
 16664 | Orc:2    | Noticed an orc high priest
 16668 | Orc:1    | HP: 1/96 [orc warrior/battleaxe (37)]
 16669 | Orc:1    | Slain by an orc warrior

Vault maps used:
D:1:      dpeg_arrival_erosion
D:2:      regret_index_temple_of_mockery, minmay_rats_cheesy_pizza,
          uniq_crazy_yiuf_cottage
D:3:      lemuel_coloured_pillars_altar, uniq_terence
D:4:      kennysheep_little_box, first_bread, hangedman_abyss_or_decor_slice,
          st_stairs_5, minmay_goblin_outpost
D:5:      uniq_pikel, uniq_edmund, uniq_duvessa, uniq_menkaure
D:6:      old_standard_altar, elyvilon_altar_4, minmay_temple_entry_glassed_door
D:7:      nicolae_overflow_crystal_walls, lemuel_doored_altar
D:9:      old_forge, lightli_temple_of_fire, erik_lair_dragon
D:11:     basic_altar, grunt_livestock
D:12:     nooodl_food_tri, uniq_maurice
Orc:1:    serial_shops, shop, enter_bailey_8
Orc:2:    grunt_orc_gardens, grunt_orc_garden, grunt_orc_garden,
          grunt_orc_garden, grunt_orc_garden, basic_altar, serial_shops, shop
Bailey:   bailey_polearm_flooded_kennysheep, bailey

Skill      XL: |  1  2  3  4  5  6  7  8  9 10 11 12 |
---------------+-------------------------------------+-----
Dodging        | 3 4 5 6 8 |  8.2
Fighting       | 4 5 6 7 8 10 12 14 | 14.1
Polearms       | 7 8 10 | 10.4
Shields        | 3 6 9 11 12 | 12.4
Armour         | 4 |  4.4

Action                   |  1- 3 |  4- 6 |  7- 9 | 10-12 || total
-------------------------+-------+-------+-------+-------++-------
Melee: Spear             |   105 |   111 |   199 |       ||   415
       Whip              |    10 |   231 |       |       ||   241
       Tailslap          |       |       |     2 |    11 ||    13
       Flail             |       |       |   162 |   806 ||   968
       Trident           |       |       |       |   259 ||   259
       Glaive            |       |       |       |    18 ||    18
 Fire: Longbow           |       |       |       |    11 ||    11
Throw: Javelin           |       |       |       |    11 ||    11
Invok: Berserk           |     1 |     1 |     3 |     8 ||    13
       Trog's Hand       |       |       |     3 |     5 ||     8
       Brothers in Arms  |       |       |     1 |     4 ||     5
Evoke: Wand              |       |       |       |     2 ||     2
  Use: Scroll            |     2 |       |     6 |    10 ||    18
       Potion            |       |       |       |    13 ||    13
 Stab: Sleeping          |     2 |       |       |       ||     2
       Confused          |       |       |       |     2 ||     2
  Eat: Chunk             |     2 |    11 |    13 |    46 ||    72
       Bread ration      |       |       |     3 |     1 ||     4
       Beef jerky        |       |       |       |     2 ||     2
       Royal jelly       |       |       |       |     1 ||     1
Armor: Animal skin       |    13 |       |       |       ||    13
       Ring mail         |       |   100 |    86 |   182 ||   368
       Robe              |       |       |       |    37 ||    37
Dodge: Dodged            |    43 |   110 |   176 |   575 ||   904
Block: Shield            |    16 |   155 |   226 |  1037 ||  1434
